 Dungeon Crawl Stone Soup version 0.29.0-5-ge4962eb29e (webtiles) character file.

Game seed: 14434103063720117457

4980 ImASeal the Fighter (level 10, -3/80 HPs)
             Began as a Demonspawn Abyssal Knight on Aug 28, 2022.
             Was an Elder of Lugonu.
             Slain by a komodo dragon (12 damage)
             ... on level 8 of the Dungeon.
             The game lasted 00:58:18 (12236 turns).

ImASeal the Fighter (Demonspawn Abyssal Knight)    Turns: 12236, Time: 00:58:18

Health: -3/80      AC: 18    Str: 24    XL:     10   Next: 29%
Magic:  12/12      EV: 13    Int: 12    God:    Lugonu [****..]
Gold:   573        SH:  0    Dex: 13    Spells: 9/9 levels left

rFire   x x .      SeeInvis +   o - +2 hand axe (vorpal)
rCold   x . .      Faith    .   (no shield)
rNeg    . . .      Spirit   .   B - +2 ring mail {rC+}
rPois   +          Reflect  .   S - +0 helmet
rElec   .          Harm     .   P - scarf {+Inv}
rCorr   .          Rampage  .   (no gloves)
Will    .....                   (no boots)
Stlth   ++........              i - amulet of Elemental Vulnerability {rPois rF-- rC-- AC+8}
HPRegen 0.23/turn               I - ring of see invisible
MPRegen 0.26/turn               O - +6 ring of strength

@: no status effects
A: claws 2, magic regeneration, sharp scales 1, demonic magic 2
a: Renounce Religion, Evoke Invisibility, Depart the Abyss, Bend Space, Banish,
Corrupt


You were on level 8 of the Dungeon.
You worshipped Lugonu.
Lugonu was greatly pleased with you.
You visited 1 branch of the dungeon, and saw 8 of its levels.
You visited the Abyss 1 time.
You also visited: Sewer.

You collected 573 gold pieces.

Inventory:

Hand Weapons
 a - a +1 falchion
 o - a +2 vorpal hand axe (weapon)
 w - a +2 vorpal flail
 D - a +0 hand axe
 M - a +0 war axe
Missiles
 k - 2 throwing nets
Armour
 b - a +0 leather armour
 B - a +2 ring mail of cold resistance (worn)
 G - a +0 cloak
 P - a scarf of invisibility (worn)
 S - a +0 helmet (worn)
Magical Staves
 L - a staff of earth
Jewellery
 i - the amulet of Elemental Vulnerability (around neck) {rPois rF-- rC-- AC+8}
   (You found it on level 2 of the Dungeon)

   [amulet of nothing]

   AC:        It affects your AC (+8).
   rF:        It makes you very vulnerable to fire.
   rC:        It makes you very vulnerable to cold.
   rPois:     It protects you from poison.
 I - a ring of see invisible (left claw)
 O - a +6 ring of strength (right claw)
 R - an amulet of guardian spirit
Wands
 q - a wand of flame (10)
 C - a wand of quicksilver (8)
 J - a wand of mindburst (15)
 K - a wand of paralysis (9)
Scrolls
 d - 2 scrolls of enchant weapon {unknown}
 e - a scroll of identify
 g - 6 scrolls of teleportation {unknown}
 l - 2 scrolls of blinking
 m - a scroll of enchant armour {unknown}
 n - 5 scrolls of magic mapping {unknown}
 v - a scroll of torment {unknown}
 y - a scroll of fear {unknown}
 z - 2 scrolls of noise {unknown}
 E - a scroll of brand weapon {unknown}
 H - a scroll of vulnerability {unknown}
 N - a scroll of immolation {unknown}
Potions
 c - 2 potions of flight
 f - 2 potions of magic
 j - 2 potions of might
 p - a potion of invisibility
 r - a potion of attraction {unknown}
 s - a potion of ambrosia
 t - 3 potions of degeneration
 u - a potion of resistance {unknown}
 x - a potion of cancellation
 A - 6 potions of curing
 F - 2 potions of haste
 Q - 2 potions of mutation {unknown}


   Skills:
 * Level 8.1 Fighting
 - Level 2.7 Long Blades
 + Level 7.9 Axes
 + Level 6.3 Armour
 + Level 5.1 Dodging
 + Level 3.4 Stealth
 + Level 3.0 Invocations
 + Level 1.3 Evocations


You had 9 spell levels left.
You didn't know any spells.
Your spell library contained the following spells:

 Spells                   Type           Power      Damage    Failure   Level
 Foxfire                  Conj/Fire      0%         2x1d4     43%         1
 Conjure Flame            Conj/Fire      0%         6-21      82%         3
 Inner Flame              Hex/Fire       0%         N/A       82%         3
 Flame Wave               Conj/Fire      0%         2d4       99%         4


Dungeon Overview and Level Annotations

Branches:
Dungeon (8/15)             Temple (0/1) D:5            Lair (0/5) D:8
  Sewer (visited)

Altars:
Fedhas
Hepliaklqana
Ru
Sif Muna

Shops:
D:3 *   D:8 *

Annotations:
D:6 corrupted
D:8 Joseph


Innate Abilities, Weirdness & Mutations

You have very sharp fingernails.
You regenerate magic rapidly.
You are partially covered in razor-sharp scales. (AC +1, Slay +1)
Spells you cast may paralyse nearby enemies.


Message History

You hit the plant.
A nearby plant withers and dies.
The komodo dragon bites you but does no damage.
You hit the komodo dragon but do no damage.
The komodo dragon is moderately wounded.
You slash the komodo dragon!
The komodo dragon is heavily wounded.
The komodo dragon bites you but does no damage.
You completely miss the komodo dragon.
The komodo dragon is heavily wounded.
The komodo dragon bites you!
You completely miss the komodo dragon.
The komodo dragon is heavily wounded.
The komodo dragon bites you!
You barely miss the komodo dragon.
The komodo dragon is heavily wounded.
The komodo dragon bites you.
You hit the komodo dragon.
The komodo dragon is heavily wounded.
The komodo dragon bites you!!
* * * LOW HITPOINT WARNING * * *
You feel much better. The komodo dragon bites you!
You closely miss the komodo dragon.
The komodo dragon is heavily wounded.
The komodo dragon bites you!!
* * * LOW HITPOINT WARNING * * *
The komodo dragon attacks as you move away!
The komodo dragon barely misses you.
The komodo dragon attacks as you move away!
The komodo dragon closely misses you.
Joseph, a Mercenary comes into view.
He is wielding a +3 quarterstaff of distortion.
Joseph unwields a +3 quarterstaff of distortion.
Its appearance distorts for a moment.
Joseph wields a +0 sling.
Joseph shoots a sling bullet.
The sling bullet hits you but does no damage.
Found a scroll labelled PUYD CIC LUIPT.
Joseph sighs, "Being a guard is usually so boring..."
Joseph shoots a sling bullet.
The sling bullet barely misses you.
The komodo dragon attacks as you move away!
The komodo dragon bites you!
You die...

.##....##....##..
.#....#.......#.#####
.#.###...###........#
...##PP...##........#
...#PPP....#!.......##.
...#PPPP...#............
.<.#PPPP.............@..
...#PPPPP........##....#
...#PPPP.......l@.....#
...#P...........(...###
...#P.>.PP.........##
...#P..PPPP#.......#
...#PPPPPP.#..####..#
...##PPPPP##..# ...
...#########... ...?
................ .....
..###...#.##. .#.


You could see Joseph and a komodo dragon.

Vanquished Creatures
  Pikel (D:4)
  A gargoyle (D:8)
  Prince Ribbit (D:7)
  A hornet (D:8)
  A wyvern (D:7)
  Edmund (D:4)
  5 water moccasins
  Duvessa (D:5)
  2 black bears
  2 orc warriors
  2 ice beasts
  2 ogres (D:6)
  2 centaurs
  2 phantoms (D:5)
  Blork the orc (D:5)
  2 necrophages
  5 bullfrogs
  4 scorpions
  4 wights (D:8)
  Dowan (D:5)
  A howler monkey (D:5)
  3 jellies
  6 orc priests
  Crazy Yiuf (D:5)
  2 hounds
  Ijyb (D:3)
  6 iguanas
  5 orc wizards
  13 adders
  4 gnolls (D:2)
  2 white imps (D:7)
  2 ufetubi
  2 worms
  A dart slug (D:2)
  24 orcs
  5 bats
  An endoplasm (D:3)
  7 giant cockroaches
  6 goblins
  4 hobgoblins
  3 jackals (D:4)
  10 quokkas
  15 ball pythons
  7 frilled lizards
  5 kobolds
  6 rats (D:1)
183 creatures vanquished.

Vanquished Creatures (others)
  An orc wizard (D:3)
  3 plants (D:8)
4 creatures vanquished.

Grand Total: 187 creatures vanquished

Notes
Turn   | Place    | Note
-------+----------+-------------------------------------------
     0 | Abyss:1  | ImASeal the Demonspawn Abyssal Knight began the quest for
                  | the Orb.
     0 | Abyss:1  | Reached XP level 1. HP: 18/18 MP: 2/2
     1 | D:1      | Escaped the Abyss
   210 | D:1      | Gained mutation: Spells you cast may paralyse adjacent
                  | enemies. [demonic ancestry]
   210 | D:1      | Reached XP level 2. HP: 24/24 MP: 3/3
   636 | D:1      | Found a faded altar of an unknown god.
  1057 | D:2      | Gained mutation: You regenerate magic rapidly. [demonic
                  | ancestry]
  1057 | D:2      | Reached XP level 3. HP: 26/30 MP: 4/4
  1220 | D:2      | Reached skill level 1 in Dodging
  1496 | D:2      | Found the amulet of Elemental Vulnerability {rPois rF--
                  | rC-- AC+8}
  1700 | D:2      | Reached skill level 4 in Fighting
  1714 | D:2      | Reached *** piety under Lugonu
  1909 | D:2      | Reached XP level 4. HP: 16/37 MP: 5/5
  2723 | D:3      | Found Lucetz's Assorted Antiques.
  2873 | D:3      | Noticed Ijyb
  2889 | D:3      | Killed Ijyb
  2890 | D:3      | Reached XP level 5. HP: 8/42 MP: 6/6
  3308 | D:3      | Found a shimmering blue altar of Sif Muna.
  4189 | D:4      | Reached skill level 1 in Stealth
  4297 | D:4      | Gained mutation: You are partially covered in razor-sharp
                  | scales. (AC +1, Slay +1) [demonic ancestry]
  4297 | D:4      | Reached XP level 6. HP: 33/50 MP: 7/7
  4413 | D:4      | Noticed Edmund
  4427 | D:4      | Killed Edmund
  4428 | D:4      | Reached skill level 5 in Fighting
  4428 | D:4      | Reached skill level 1 in Axes
  4529 | D:4      | Found a glowing drain.
  4555 | Sewer    | Entered a sewer
  4811 | Sewer    | Gained mutation: You have sharp fingernails. [demonic
                  | ancestry]
  4811 | Sewer    | Reached XP level 7. HP: 56/56 MP: 8/8
  5738 | D:4      | Noticed Pikel
  5760 | D:4      | Killed Pikel
  5761 | D:4      | Reached skill level 6 in Fighting
  5761 | D:4      | Gained mutation: Spells you cast may paralyse nearby
                  | enemies. [demonic ancestry]
  5761 | D:4      | Reached XP level 8. HP: 43/64 MP: 9/9
  5951 | D:4      | Reached **** piety under Lugonu
  6281 | D:5      | Entered Level 5 of the Dungeon
  6305 | D:5      | Reached skill level 5 in Axes
  6441 | D:5      | Found a staircase to the Ecumenical Temple.
  6662 | D:5      | Noticed Blork the orc
  6670 | D:5      | Killed Blork the orc
  6873 | D:5      | Found a runed translucent door.
  6874 | D:5      | Noticed Crazy Yiuf
  6933 | D:5      | Killed Crazy Yiuf
  7079 | D:5      | Noticed Duvessa
  7108 | D:5      | Killed Duvessa
  7108 | D:5      | Noticed Dowan
  7365 | D:5      | Killed Dowan
  7372 | D:5      | Reached XP level 9. HP: 41/71 MP: 10/10
  7813 | D:6      | Found a blossoming altar of Fedhas.
  7834 | D:6      | Reached skill level 5 in Armour
  8156 | D:6      | Corrupted D:6
  8156 | D:6      | Noticed a black mamba
  8156 | D:6      | a shapeshifter changed into a black mamba
  8156 | D:6      | Noticed a large abomination
  8156 | D:6      | Noticed an apocalypse crab
  8156 | D:6      | Noticed a thrashing horror
  8156 | D:6      | Noticed a sixfirhy
  8156 | D:6      | Noticed a tentacled starspawn
  8156 | D:6      | Noticed a thrashing horror
  8156 | D:6      | Noticed a revenant
  8156 | D:6      | Noticed a thrashing horror
  8156 | D:6      | Noticed an efreet
  8156 | D:6      | Noticed a tentacled starspawn
  8156 | D:6      | Noticed a starcursed mass
  8157 | D:6      | Noticed a tentacled starspawn
  8157 | D:6      | Noticed a large abomination
  8157 | D:6      | Noticed a large abomination
  8158 | D:6      | Noticed a fire crab
  8158 | D:6      | a black mamba changed into a fire crab
  8159 | D:6      | Noticed a large abomination
  8159 | D:6      | Noticed a flayed ghost
  8160 | D:6      | Noticed a hellwing
  8162 | D:6      | Noticed a large abomination
  8163 | D:6      | Noticed a sixfirhy
  8165 | D:6      | Noticed a polar bear
  8171 | D:6      | Noticed a profane servitor
  8826 | D:6      | Reached skill level 7 in Fighting
  9210 | D:6      | Found a sacrificial altar of Ru.
  9266 | D:6      | Found a hazy altar of Hepliaklqana.
  9834 | D:7      | Noticed Prince Ribbit
  9861 | D:7      | Killed Prince Ribbit
 10173 | D:7      | Reached skill level 1 in Evocations
 11426 | D:8      | Noticed a gargoyle
 11438 | D:8      | Gained mutation: You have very sharp fingernails. [demonic
                  | ancestry]
 11438 | D:8      | Reached XP level 10. HP: 76/80 MP: 12/12
 11443 | D:8      | Killed a gargoyle
 11495 | D:8      | Reached skill level 5 in Dodging
 11951 | D:8      | Found Lerhouma's Serpentskin Sales.
 11958 | D:8      | Reached skill level 8 in Fighting
 12032 | D:8      | Paralysed by a hornet for 2 turns
 12204 | D:8      | Found a staircase to the Lair.
 12233 | D:8      | Noticed Joseph
 12236 | D:8      | Slain by a komodo dragon

Illustrated notes

Levels and vault maps discovered:
D:1:      dpeg_arrival_circle_labyrinth_c, layout_basic,
          shapermc_ecumenical_altar_acropolis
D:2:      layout_loops_corners
D:3:      layout_loops_ring, kennysheep_orc_sif_temple, serial_shops, shop,
          chequers_serial_rivers_micro_a,
          nicolae_concentric_dashed_squares_wild, wad_floor_pattern_untrapped,
          nrook_loot_triangle, uniq_ijyb
D:4:      layout_basic, portal_sewer_entry_d, uniq_edmund, uniq_pikel
D:5:      layout_cave_pods, minmay_temple_entry_grid, serial_glass,
          glass_columns_a, glass_columns_a, hangedman_abyss_or_decor_stabs,
          kennysheep_generic_room_13, uniq_blork_the_orc,
          uniq_crazy_yiuf_cottage, uniq_duvessa
D:6:      layout_basic, lemuel_doored_altar, mainiacjoe_overflow_alcove_2,
          mainiacjoe_overflow_six_doors_small
D:7:      layout_layer_cave, uniq_prince_ribbit1
D:8:      layout_cave_pools, grunt_temple_overflow_gold_and_silver,
          kennysheep_little_box, nicolae_uskayaw_suspiria, david_lair_shrubbed,
          guppyfry_shop_venom, uniq_joseph

Skill      XL: |  1  2  3  4  5  6  7  8  9 10 |
---------------+-------------------------------+-----
Armour         | 2 3 4 6 |  6.3
Long Blades    | 2 |  2.7
Dodging        | 1 2 3 4 5 |  5.1
Fighting       | 4 5 6 7 8 |  8.1
Stealth        | 1 2 3 |  3.4
Axes           | 2 4 5 7 |  7.9
Invocations    | 3 |  3.0
Evocations     | 1 |  1.3

Action                   |  1- 3 |  4- 6 |  7- 9 | 10-12 || total
-------------------------+-------+-------+-------+-------++-------
Melee: Falchion          |   126 |    19 |       |       ||   145
       Hand axe          |       |   164 |   411 |    82 ||   657
       Punch             |       |     6 |     8 |       ||    14
Invok: Bend Space        |       |       |     1 |       ||     1
       Corrupt           |       |       |     1 |       ||     1
Evoke: Wand              |       |     5 |    10 |       ||    15
  Use: Scroll            |       |     3 |     4 |     2 ||     9
       Potion            |       |     1 |     2 |     1 ||     4
 Stab: Sleeping          |     1 |       |     1 |       ||     2
Armor: Leather armour    |    48 |    93 |    13 |       ||   154
       Ring mail         |       |       |   205 |    36 ||   241
Dodge: Dodged            |    75 |   123 |   253 |    47 ||   498
